cohdb
Replays
Latest Replays
All Replays
Popular Replays
Top Player Replays
Match Explorer
How It Works
Community
CoH3 Stats
Reddit
Sign in to upload your games and track your stats! →
Sign in with Steam
Match 46286601
Unlisted
Match 46286601
Overview
Messages
Build Orders
End
Scout Squad
Construct Barracks
Selects Armored Battlegroup
Selects Veteran Crews
1⁄4-ton 4x4 Truck
1⁄4-ton 4x4 Truck
Riflemen Squad
Riflemen Squad
Riflemen Squad
Selects Fast Deploy
Construct Medical Station
Infantry Support Center
Construct Motor Pool
Selects Seek and Destroy
M8 Greyhound Armored Car
Engineer Squad
M24 Chaffee Light Tank
M8 Greyhound Armored Car
M1 Anti-tank Gun Team
Engineer Squad
Riflemen Squad
Skeng.Tecnica.International
✠Kaiser✠ tushkan
0
0
Comments
sign in to comment!
No comments posted yet!